 Dungeon Sprint DCSS version 0.32-a0-42-ga30500b4d3 (webtiles) character file.

Game seed: 17724372665845217880

1317 rocky1 the Carver (level 8, 0/71 HPs)
             Began as a Demonspawn Gladiator on Jan 29, 2024.
             Was an Initiate of Gozag.
             Incinerated by a smoke demon (5 damage)
             ... with a pyre arrow
             ... in the Dungeon (Sprint VII: "The Pits").
             The game lasted 00:03:37 (1318 turns).

rocky1 the Carver (Demonspawn Gladiator)            Turns: 1318, Time: 00:03:37

Health: 0/71       AC: 15    Str: 19    XL:     8   Next: 33%
Magic:  8/8        EV: 15    Int: 12    God:    Gozag
Gold:   1917       SH:  0    Dex: 16    Spells: 7/7 levels left

rFire   . . .        r - +2 scimitar (flame)
rCold   . . .        (no shield)
rNeg    . . .        s - +4 chain mail
rPois   .            c - +0 helmet
rElec   .            (no cloak)
rCorr   .            (no gloves)
SInv    .            (no boots)
Will    .....        (no amulet) Stlth
                     g - +3 ring of strength
HPRegen 0.31/turn    p - +3 ring of evasion
MPRegen 0.11/turn

%: no teleportation
@: on fire, gold aura, glowing
A: big brain 2, condensation shield
a: Renounce Religion, Potion Petition, Call Merchant, Bribe Branch


You were in the Dungeon.
You worshipped Gozag.
Gozag was most pleased with you.
You visited 1 branch You collected 1917 gold pieces.

Inventory:

Hand Weapons
 a - a +0 long sword
 r - a +2 scimitar of flaming (weapon)
Missiles
 e - a javelin
Armour
 c - a +0 helmet (worn)
 s - a +4 chain mail (worn)
Jewellery
 g - a +3 ring of strength (left hand)
 p - a +3 ring of evasion (right hand)
Scrolls
 k - a scroll of blinking
 m - 2 scrolls of vulnerability
 n - 5 scrolls of amnesia
 o - a scroll of butterflies
Potions
 b - 9 potions of curing
 f - 2 potions of heal wounds
 h - a potion of haste
 i - 4 potions of magic
 j - 2 potions of berserk rage
 l - 2 potions of invisibility
 q - a potion of mutation


   Skills:
 + Level 9.0 Fighting
 * Level 11.7 Long Blades
 - Level 1.7 Throwing
 + Level 5.7 Armour
 + Level 8.5 Dodging


You had 7 spell levels left.
You didn't know any spells.
Your spell library was empty.

Dungeon Overview and Level Annotations

Branches:
Dungeon (1/1)

Altars:
Ashenzari
Cheibriados
Dithmenos
Fedhas
Gozag
Hepliaklqana
Kikubaaqudgha
Makhleb
Nemelex Xobeh
Okawaru
Qazlal
Ru
Sif Muna
Trog
Uskayaw
Vehumet
Wu Jian
Xom
Yredelemnul
Jiyva
Lugonu


Innate Abilities, Weirdness & Mutations

You have an extremely huge brain. (Int +4)
A meltable shield of frost defends you. (SH +0)


Message History

Okay, then.
You feel much better. The liquid fire burns you!
* * * LOW HITPOINT WARNING * * *
The smoke demon hits you but does no damage. x2
The smoke demon completely misses you.
Unknown command.
You feel much better. The liquid fire burns you! The smoke demon hits you.
The smoke demon hits you but does no damage.
The smoke demon hits you.
Unknown command.
You slash the smoke demon!
The smoke demon is heavily wounded.
The liquid fire burns you!
* * * LOW HITPOINT WARNING * * *
The smoke demon hits you but does no damage.
The smoke demon misses you. The smoke demon hits you.
* * * LOW HITPOINT WARNING * * *
You hit the smoke demon but do no damage.
The smoke demon is heavily wounded.
The liquid fire burns you!
* * * LOW HITPOINT WARNING * * *
The smoke demon closely misses you. The smoke demon barely misses you.
The smoke demon hits you but does no damage.
Unknown command.
You slash the smoke demon!
The smoke demon is severely wounded.
The liquid fire burns you!
* * * LOW HITPOINT WARNING * * *
The smoke demon closely misses you.
The smoke demon hits you but does no damage.
The smoke demon hits you.
* * * LOW HITPOINT WARNING * * *
You barely miss the smoke demon.
The smoke demon is severely wounded.
The liquid fire burns you!
You die...
Your body crumbles into a pile of gold.

______.# ______.#
____...###########++######
######'##................#
.')))'.##......#..#......#
######.##................+
........'................+
###'#####......#.3#......#
.#...'.##.......@$.......#
.#...#.#####'#####''######
.#####.##.......##''#
.'...#.##.......##....
.'...'.##.......##.....
.########...<...##.....#
.'.[)).##.......##...###
.#[))).##.......##..##
#########.......#


You could see a smoke demon.

Vanquished Creatures
  An orc sorcerer (D)
  A steam dragon (D)
  A water moccasin (D)
  A black bear (D)
  2 sky beasts (D)
  3 scorpions (D)
  A bullfrog (D)
  3 orc priests (D)
  3 orc wizards (D)
  A river rat (D)
  4 orcs (D)
  2 ball pythons (D)
  A bat skeleton (D)
  4 jackals (D)
  2 bats (D)
  A frilled lizard (D)
  A kobold (D)
32 creatures vanquished.

Notes
Turn   | Place    | Note
-------+----------+-------------------------------------------
     0 | D        | rocky1 the Demonspawn Gladiator began the quest for the
                  | Orb.
     0 | D        | Reached XP level 1. HP: 16/16 MP: 1/1
    43 | D        | Found a bloodstained altar of Trog.
    43 | D        | Found a shimmering blue altar of Sif Muna.
    43 | D        | Found a viscous altar of Jiyva.
    43 | D        | Found a hazy altar of Hepliaklqana.
    43 | D        | Found an opulent altar of Gozag.
    44 | D        | Found a basalt altar of Yredelemnul.
    44 | D        | Found a shimmering altar of Xom.
    44 | D        | Found an ornate altar of the Wu Jian Council.
    44 | D        | Found a sacrificial altar of Ru.
    44 | D        | Found a stormy altar of Qazlal.
    44 | D        | Found an iron altar of Okawaru.
    44 | D        | Found a sparkling altar of Nemelex Xobeh.
    44 | D        | Found a burning altar of Makhleb.
    44 | D        | Found a blossoming altar of Fedhas.
    44 | D        | Found a shadowy altar of Dithmenos.
    44 | D        | Found a snail-covered altar of Cheibriados.
    47 | D        | Found a corrupted altar of Lugonu.
    47 | D        | Found a radiant altar of Vehumet.
    48 | D        | Found an ancient bone altar of Kikubaaqudgha.
    48 | D        | Found a hide-covered altar of Uskayaw.
    48 | D        | Found a broken altar of Ashenzari.
    51 | D        | Became a worshipper of Gozag Ym Sagoz the Greedy
    60 | D        | Noticed a scorpion
    73 | D        | Killed a scorpion
    74 | D        | Reached skill level 5 in Long Blades
    74 | D        | Gained mutation: A meltable shield of frost defends you.
                  | (SH +0) [demonic ancestry]
    74 | D        | Reached XP level 2. HP: 11/25 MP: 2/2
    74 | D        | Gained mutation: You have an unusually large brain. (Int
                  | +2) [demonic ancestry]
    74 | D        | Reached XP level 3. HP: 13/30 MP: 3/3
   136 | D        | Reached XP level 4. HP: 32/37 MP: 4/4
   162 | D        | Noticed a scorpion
   162 | D        | Noticed a water moccasin
   178 | D        | Killed a scorpion
   179 | D        | Reached skill level 5 in Fighting
   179 | D        | Reached skill level 6 in Long Blades
   179 | D        | Reached skill level 5 in Dodging
   196 | D        | Killed a water moccasin
   197 | D        | Reached skill level 8 in Long Blades
   197 | D        | Reached XP level 5. HP: 46/46 MP: 5/5
   517 | D        | Reached skill level 1 in Armour
   517 | D        | Reached XP level 6. HP: 23/53 MP: 6/6
   528 | D        | Reached skill level 9 in Long Blades
   538 | D        | Noticed a sky beast
   543 | D        | Killed a sky beast
   544 | D        | Gained mutation: You have an extremely huge brain. (Int +4)
                  | [demonic ancestry]
   544 | D        | Reached XP level 7. HP: 56/60 MP: 7/7
   639 | D        | Reached skill level 10 in Long Blades
   930 | D        | Noticed a steam dragon
   945 | D        | Killed a steam dragon
  1178 | D        | Reached skill level 11 in Long Blades
  1295 | D        | Noticed an orc sorcerer
  1295 | D        | Noticed a smoke demon
  1305 | D        | Paralysed by an orc sorcerer for 2 turns
  1308 | D        | Killed an orc sorcerer
  1309 | D        | Reached skill level 5 in Armour
  1309 | D        | Reached XP level 8. HP: 30/71 MP: 8/8
  1318 | D        | Incinerated by a smoke demon

Illustrated notes

Levels and vault maps discovered:
D:        pitsprint [storerooms_1, entrance_room_1, metal_vault_4, armoury_1,
          mini_pit_1, grid_room_1, main_hall_1, silver_pit, the_coven_1,
          the_vestibule_1, steel_vault_3, golden_pit, hallway_of_sentries,
          crystal_vault_5, iron_vault_5, final_vault]

Skill      XL: |  1  2  3  4  5  6  7 |
---------------+----------------------+-----
Fighting       | 4 6 7 9 |  9.0
Long Blades    | 5 8 9 11 | 11.7
Dodging        | 4 6 7 8 |  8.5
Armour         | 1 3 5 |  5.7
Throwing       | |  1.7

Action                     |  1- 3 |  4- 6 |  7- 9 || total
---------------------------+-------+-------+-------++-------
  Melee: Long sword        |    38 |    45 |    74 ||   157
         Punch             |       |     1 |     2 ||     3
         Scimitar          |       |       |    13 ||    13
  Throw: Throwing net      |     1 |     2 |       ||     3
    Use: Potion            |     2 |     5 |     4 ||    11
   Stab: Distracted        |       |     1 |       ||     1
 Armour: Leather armour    |    24 |     9 |       ||    33
         Ring mail         |       |    12 |    38 ||    50
         Chain mail        |       |       |    28 ||    28
  Dodge: Dodged            |    41 |    20 |    54 ||   115
  Block: Other             |     7 |     4 |     6 ||    17

Table legend: (Time is in decaauts)
 A = Elapsed time spent in this place.
 B = Non-inter-level travel time spent in this place.
 C = Inter-level travel time spent in this place.
 D = Time resting spent in this place.
 E = Time spent auto-exploring this place.
 F = Levels seen in this place.
 G = Mean time per level.
                   A        B        C        D        E       F      G
               +--------+--------+--------+--------+--------+-----+--------+
         Total |   1320 |   1256 |     64 |    784 |      0 |   1 | 1320.0 |
       Dungeon |   1320 |   1256 |     64 |    784 |      0 |   1 | 1320.0 |
               +--------+--------+--------+--------+--------+-----+--------+

Top non-repeatable levels by time:
       D: 1320 daAuts
